 Dungeon Crawl Stone Soup version 0.14.2-1-g46dc7f8a84 (webtiles) character file.

167 Mesmaeker13 the Ducker (level 3, -5/27 HPs)
             Began as a Demonspawn Gladiator on Dec 10, 2019.
             Slain by a giant frog (6 damage)
             ... on Level 7 of the Dungeon.
             The game lasted 00:02:44 (1386 turns).

Mesmaeker13 the Ducker (Demonspawn Gladiator)       Turns: 1386, Time: 00:02:44

HP  -5/27        AC  6     Str 15      XL: 3   Next: 75%
MP   3/3         EV 12     Int 10      God:
Gold 109         SH  0     Dex 13      Spells:  0 memorised,  2 levels left

rFire  . . .     SeeInvis .     a - +0 long sword
rCold  . . .     Clarity  .     b - +0 leather armour
rNeg   . . .     Conserve .     (no shield)
rPois  .         rCorr    .     c - +0 helmet
rElec  .         rRot     .     (no cloak)
SustAb . .       Spirit   .     (no gloves)
rMut   .         Warding  .     (no boots)
Saprov . . .     Stasis   .     (no amulet)
MR     .....                    (no ring)
                                (no ring)

@: not resistant to hostile enchantments, very unstealthy
A: talons 1, thin metallic scales 1
a: no special abilities


You were on level 7 of the Dungeon.
You were hungry.

You visited 1 branch of the dungeon, and saw 7 of its levels.

You collected 109 gold pieces.

Inventory:

Hand weapons
 a - a +0,+0 long sword (weapon)
Missiles
 d - 4 throwing nets (quivered)
 k - 3 darts
Armour
 b - a +0 leather armour (worn)
 c - a +0 helmet (worn)
Comestibles
 f - 5 bread rations
 j - a pear
 x - a meat ration
Scrolls
 e - 2 scrolls of amnesia {unknown}
 g - a scroll of identify {unknown}
 m - a scroll of fog {unknown}
 o - a scroll of random uselessness {unknown}
 q - 2 scrolls of remove curse {unknown}
 r - a scroll of blinking {unknown}
 t - 3 scrolls of immolation {unknown}
Jewellery
 n - an uncursed ring of teleport control {unknown}
Potions
 h - 3 potions of curing {unknown}
 i - a potion of agility {unknown}
 l - a potion of might {unknown}
 s - a potion of lignification {unknown}
 u - a potion of haste {unknown}
 v - a potion of flight {unknown}
 w - a potion of brilliance {unknown}


   Skills:
 + Level 2.2 Fighting
 + Level 3.1 Long Blades
 + Level 1.9 Throwing
 + Level 1.0 Armour
 + Level 3.5 Dodging


You had 2 spell levels left.
You didn't know any spells.

Dungeon Overview and Level Annotations

Branches:
Dungeon (7/15)
 Temple: D:4-7

Altars:
Fedhas

Shops:
D:5 *

Annotations:
D:4 Natasha


Innate Abilities, Weirdness & Mutations

You have sharp toenails.
You are partially covered in thin metallic scales (AC +2).


Message History

Unknown command.
You hit the giant frog.
The giant frog is lightly wounded.
The giant frog hits you.
* * * LOW HITPOINT WARNING * * *
The giant frog hits you.
* * * LOW HITPOINT WARNING * * *
You slash the giant frog!
The giant frog is heavily wounded.
The giant frog misses you. The giant frog barely misses you.
You closely miss the giant frog.
The giant frog is heavily wounded.
The giant frog hits you.
* * * LOW HITPOINT WARNING * * *
The giant frog completely misses you.
You closely miss the giant frog.
You claw the giant frog, but do no damage.
The giant frog is heavily wounded.
The giant frog hits you.
You die...

#.##.#####
#......<.#
......###.#
### #@# #F#
#.# #.# #.#
#.# #.# #.#
#.#


You could see a giant frog.

Vanquished Creatures
  Ijyb (D:3)
  An adder (D:2)
  A ball python (D:2)
  5 bats (D:1)
  A giant cockroach (D:2)
  4 goblins
  5 hobgoblins
  2 giant newts (D:2)
  3 kobolds
  9 rats
32 creatures vanquished.

Notes
Turn   | Place    | Note
--------------------------------------------------------------
     0 | D:1      | Mesmaeker13, the Demonspawn Gladiator, began the quest for the Orb.
     0 | D:1      | Reached XP level 1. HP: 16/16 MP: 1/1
   306 | D:1      | Reached skill level 3 in Dodging
   306 | D:1      | Gained mutation: You have sharp toenails. [demonic ancestry]
   306 | D:1      | Reached XP level 2. HP: 22/22 MP: 2/2
  1009 | D:2      | Gained mutation: You are partially covered in thin metallic scales (AC +2). [demonic ancestry]
  1009 | D:2      | Reached XP level 3. HP: 23/27 MP: 3/3
  1164 | D:3      | Noticed Ijyb
  1175 | D:3      | Killed Ijyb
  1175 | D:3      | Reached skill level 1 in Armour
  1180 | D:4      | Noticed Natasha
  1185 | D:5      | Entered Level 5 of the Dungeon
  1202 | D:5      | Found Otomad's Assorted Antiques.
  1259 | D:5      | Found a blossoming altar of Fedhas.
  1365 | D:6      | Noticed a giant goldfish
  1366 | D:6      | Noticed a giant goldfish
  1378 | D:6      | Noticed a centaur
  1380 | D:7      | Noticed a giant frog
  1385 | D:7      | HP: 1/27 [giant frog (2)]
  1386 | D:7      | Slain by a giant frog

Action                   || total
-------------------------++-------
Melee: Long sword        ||    95
  Use: Scroll            ||     1
